 Dungeon Crawl Stone Soup version 0.21.0-24-g2553a33 (webtiles) character file.

515 Faca the Shooter (level 7, 1/61 HPs)
             Began as a Centaur Hunter on Jan 19, 2018.
             Quit the game on level 3 of the Dungeon.
             The game lasted 00:14:24 (7060 turns).

Faca the Shooter (Centaur Hunter)                   Turns: 7060, Time: 00:14:24

Health: 1/61       AC:  5    Str: 14    XL:     7   Next: 0%
Magic:  7/7        EV:  8    Int: 10    God:
Gold:   163        SH:  0    Dex: 12    Spells: 6/6 levels left

rFire    . . .     SeeInvis .   t - +0 spear
rCold    . . .     Gourm    .   (no shield)
rNeg     . . .     Faith    .   u - +0 ring mail
rPois    .         Spirit   .   (no helmet)
rElec    .         Reflect  .   (no cloak)
rCorr    .         Harm     .   (no gloves)
MR       +....                  (no barding)
Stlth    ..........             (no amulet)
HPRegen  0.20/turn              w - ring of protection from magic
MPRegen  0.10/turn              (no ring)

@: very quick
A: large, hooves 3, deformed body, speed 2, tough skin 3
a: no special abilities


You were on level 3 of the Dungeon.
You were not hungry.

You visited 1 branch of the dungeon, and saw 4 of its levels.

You collected 163 gold pieces.

Inventory:

Hand Weapons
 a - a +1 shortbow
 t - a +0 spear (weapon)
Missiles
 d - 20 arrows
 r - a throwing net (quivered)
Armour
 u - a +0 ring mail (worn)
Jewellery
 w - a ring of protection from magic (left hand)
Wands
 e - a wand of enslavement (10)
Scrolls
 b - a scroll of immolation {unknown}
 c - a scroll of enchant weapon {unknown}
 g - 3 scrolls of identify {unknown}
 h - a scroll of fear {unknown}
 k - 2 scrolls of remove curse {unknown}
 l - a scroll of fog {unknown}
 n - a scroll of magic mapping {unknown}
 q - 2 scrolls of enchant armour {unknown}
 v - a scroll of noise {unknown}
Potions
 i - 2 potions of flight
 j - a potion of agility {unknown}
 m - a potion of heal wounds {unknown}
 o - 2 potions of lignification {unknown}
 p - a potion of brilliance {unknown}
 s - a potion of mutation {unknown}
Comestibles
 f - 3 rations


   Skills:
 + Level 5.1 Fighting
 * Level 2.7 Polearms
 - Level 7.7 Bows
 + Level 0.7 Armour
 - Level 1.3 Dodging
 - Level 0.4 Stealth


You had 6 spell levels left.
You didn't know any spells.

Dungeon Overview and Level Annotations

Branches:
Dungeon (4/15)
 Temple: D:4-7

Altars:
Nemelex Xobeh

Annotations:
D:3 mukkel's ghost, amateur DsFi
D:4 Dowan; Duvessa


Innate Abilities, Weirdness & Mutations

You have hooves in place of feet.
Armour fits poorly on your strangely shaped body.
You cover ground very quickly.
You have extremely tough skin. (AC +3)


Message History

* * * LOW HITPOINT WARNING * * *
Things that are here:
a flail; a leather armour; an orc corpse The orc wizard casts a spell at you.
The magic dart hits you!
* * * LOW HITPOINT WARNING * * *
You see here a stone.
Things that are here:
a dagger; a flail
There is a stone staircase leading up here.
The hound bites you.
* * * LOW HITPOINT WARNING * * *
The hound bites you.
* * * LOW HITPOINT WARNING * * *
You climb upwards.
Level annotation: mukkel's ghost, amateur DsFi
There is a stone staircase leading down here.
The hound bites you.
* * * LOW HITPOINT WARNING * * *
Are you sure you want to abandon this character and quit the game? (Confirm with "yes".)

#.####### #.#.##.# #>..# #.#
#[#.##.# #...# ..# #......#
#...### ### ###.##########[.....
## ### #..###[........... .# ..#
#....W............ .# #.#
#..###............ .# #.# #..#
#######...### ## #.# #@.##
#.......... # #.# #h..#
#.###...##. # #######.###...#
#.###...... ######...##.....>#.#
#.##...#### .............###...#
#.##..###.⌠ ###...######## ###W#
##.##..##...
..'...'..#..######.###......#....
..#...#..#..#......W....<...#.≈..
###...#####'#####.#.).......#....


You could see a hound and mukkel's ghost.

Vanquished Creatures
  An orc priest (D:3)
  4 orc wizards (D:3)
  A worker ant (D:4)
  A hound skeleton (D:4)
  7 gnolls
  10 adders
  8 oozes
  An adder skeleton (D:4)
  2 worms (D:2)
  2 dart slugs
  3 leopard geckos
  20 orcs
  5 giant cockroaches
  8 goblins
  4 hobgoblins
  13 jackals
  12 kobolds
  2 quokkas (D:2)
  5 ball pythons (D:3)
  4 bats
  5 frilled lizards
  2 quokka skeletons (D:4)
  9 rats
129 creatures vanquished.

Notes
Turn   | Place    | Note
-------+----------+-------------------------------------------
     0 | D:1      | Faca the Centaur Hunter began the quest for the Orb.
     0 | D:1      | Reached XP level 1. HP: 17/17 MP: 1/1
     2 | D:1      | Found a runed door.
   102 | D:1      | Reached XP level 2. HP: 22/25 MP: 2/2
   363 | D:1      | Reached skill level 6 in Bows
   486 | D:1      | Reached XP level 3. HP: 20/30 MP: 3/3
   979 | D:2      | Reached XP level 4. HP: 34/38 MP: 4/4
  1967 | D:2      | Reached skill level 7 in Bows
  2161 | D:3      | Reached XP level 5. HP: 46/46 MP: 5/5
  2234 | D:3      | Noticed mukkel's ghost (amateur DsFi)
  3708 | D:3      | Reached XP level 6. HP: 53/53 MP: 6/6
  3849 | D:3      | Reached skill level 1 in Polearms
  5434 | D:4      | Noticed Dowan
  5437 | D:4      | Noticed Duvessa
  5629 | D:4      | Found a sparkling altar of Nemelex Xobeh.
  5911 | D:4      | Reached skill level 5 in Fighting
  6947 | D:4      | Noticed an orc warrior
  7031 | D:4      | Reached XP level 7. HP: 18/61 MP: 7/7
  7057 | D:3      | HP: 1/61 [hound (5)]
  7060 | D:3      | Quit the game

Skill      XL: |  1  2  3  4  5  6 |
---------------+-------------------+-----
Bows           | 6 7 |  7.7
Fighting       | 3 4 5 |  5.1
Polearms       | 2 |  2.7
Armour         | |  0.7
Dodging        | |  1.3
Stealth        | |  0.4

Action                   |  1- 3 |  4- 6 |  7- 9 || total
-------------------------+-------+-------+-------++-------
Melee: Short sword       |   132 |   200 |       ||   332
       Kick              |    24 |    95 |       ||   119
       Spear             |       |   246 |       ||   246
 Fire: Shortbow          |       |    20 |       ||    20
Throw: Throwing net      |       |     2 |       ||     2
  Use: Potion            |       |     2 |       ||     2
  Eat: Ration            |       |     6 |       ||     6
Armor: Leather armour    |    61 |    80 |       ||   141
       Ring mail         |       |    37 |     1 ||    38
Dodge: Dodged            |    64 |   209 |     4 ||   277
